AoeStats
← TERMINATOR

Arena

504093394Analyzed
4v4 RM · 29d ago on Sep 3, 2026· 38m 52s· 8 players
Game mode
Random Map
Map size
Large (8 player)
Population
200
Speed
Normal
Resources
Standard
Victory
Conquest
Starting age
Dark Age
Ending age
Imperial Age
RankedLock teamsTeams togetherTeam positionsShared explorationLock speedFull tech treeHidden civsTurbo modeCheats
Victory
Defeat
🇮🇳 Saracens · India
1246
+14
🇮🇳 Turks · India
1239
+15
🇮🇳 Khmer · India
1218
+16
🇬🇧 Romans · United Kingdom
1156
+19
🇫🇷 Britons · France
1233
-17
🇩🇪 Khmer · Germany
1216
-16
🇭🇰 Koreans · Hong Kong SAR China
1207
-16
🇫🇷 Hindustanis · France
1189
-15
Futou Juhan
4:59 Loom
11:35 Feudal Age
12:27 Double-Bit Axe
16:14 Castle Age
25:13 Bow Saw
28:34 Scale Barding Armor
29:47 Chain Barding Armor
Evil Walks
10:22 Feudal Age
8:38 Loom
11:53 Town Watch
14:35 Castle Age
13:18 Double-Bit Axe
17:08 Horse Collar
19:10 Bow Saw
22:54 Bloodlines
22:45 Husbandry
24:40 Gold Mining
24:41 Stone Mining
24:59 Scale Barding Armor
25:04 Forging
25:40 Fortified Wall
27:15 Wheelbarrow
27:35 Iron Casting
27:28 Heavy Plow
27:55 Ballistics
30:27 Hand Cart
31:05 Chain Barding Armor
32:30 Gold Shaft Mining
35:06 Imperial Age
33:20 Stone Shaft Mining
34:19 Fletching
34:34 Scale Mail Armor
35:00 Grand Trunk Road
35:50 Chain Mail Armor
35:13 Elite Ghulam
36:15 Conscription
37:21 Blast Furnace
36:16 Heavy Camel Rider
39:04 Two-Man Saw
fastgg
9:56 Feudal Age
12:52 Castle Age
13:05 Double-Bit Axe
13:02 Horse Collar
14:41 Bow Saw
14:33 Loom
14:41 Loom
18:01 Heavy Plow
21:04 Stone Mining
22:15 Gold Mining
23:32 Wheelbarrow
28:03 Imperial Age
25:21 Loom
26:33 Bloodlines
26:23 Husbandry
26:57 Scale Barding Armor
27:02 Forging
28:08 Hand Cart
29:06 Chain Barding Armor
29:21 Iron Casting
29:50 Iron Casting
30:29 Plate Barding Armor
29:59 Light Cavalry
32:58 Conscription
32:47 Hussar
34:17 Town Watch
35:33 Blast Furnace
37:29 Tusk Swords
Fricelebarbare
11:18 Feudal Age
14:56 Castle Age
12:56 Double-Bit Axe
13:50 Horse Collar
16:15 Bow Saw
16:08 Heavy Plow
18:34 Loom
35:18 Wheelbarrow
38:24 Hand Cart
37:55 Town Watch
Mikey
10:02 Feudal Age
12:06 Loom
14:49 Castle Age
12:48 Double-Bit Axe
13:18 Horse Collar
27:18 Imperial Age
25:00 Padded Archer Armor
26:47 Leather Archer Armor
31:07 Ring Archer Armor
38:15 Fortified Wall
38:16 Masonry
Soul Ledger
10:08 Feudal Age
9:04 Loom
11:00 Double-Bit Axe
14:13 Castle Age
29:00 Wheelbarrow
32:36 Imperial Age
31:02 Horse Collar
31:35 Bow Saw
31:51 Heavy Plow
32:47 Heavy Scorpion
34:56 Siege Engineers
35:57 Ballistics
36:38 Chemistry
35:53 Ballistas
35:15 Capped Ram
37:06 Siege Ram
TERMINATOR
6:43 Loom
11:01 Feudal Age
14:34 Castle Age
12:34 Double-Bit Axe
13:51 Horse Collar
25:29 Bloodlines
25:19 Husbandry
32:25 Imperial Age
30:46 Wheelbarrow
31:18 Heavy Plow
31:33 Bow Saw
32:14 Hand Cart
34:39 Crop Rotation
34:15 Pikeman
34:58 Halberdier
35:56 Forging
35:47 Scale Mail Armor
35:53 Scale Barding Armor
36:19 Conscription
37:39 Tusk Swords
GAF
10:45 Feudal Age
14:29 Castle Age
12:20 Double-Bit Axe
12:55 Horse Collar
15:31 Bow Saw
15:21 Heavy Plow
22:07 Wheelbarrow
21:50 Gold Mining
21:50 Stone Mining
27:31 Imperial Age
26:37 Hand Cart
26:14 Loom
26:43 Scale Barding Armor
26:39 Scale Mail Armor
26:52 Forging
28:25 Chain Barding Armor
27:53 Treadmill Crane
28:59 Iron Casting
29:47 Two-Man Saw
29:59 Plate Barding Armor
30:04 Gold Shaft Mining
29:09 Elite Mameluke
30:44 Coinage
30:29 Husbandry
30:40 Bloodlines
30:41 Murder Holes
34:04 Blast Furnace
33:47 Conscription
34:56 Chemistry
37:35 Ballistics
Connection lost

Rejoining the realm…

Still unreachable

The connection could not be restored.

Session expired

The server has moved on; the page needs a fresh start.